 Dungeon Crawl Stone Soup version 0.27-a0-1200-g94dc6ad4cf (webtiles) character file.

Game seed: 8563910913650742331

257 bilbop the Cudgeller (level 5, 0/47 HPs)
             Began as a Minotaur Fighter on June 1, 2021.
             Slain by a gnoll
             ... wielding a +0 flail
              (3 damage)
             ... on level 4 of the Dungeon.
             The game lasted 00:09:46 (3559 turns).

bilbop the Cudgeller (Minotaur Fighter)             Turns: 3559, Time: 00:09:47

Health: 0/47       AC: 12    Str: 21    XL:     5   Next: 93%
Magic:  4/4        EV:  5    Int: 11    God:
Gold:   124        SH:  9    Dex: 10    Spells: 4/4 levels left

rFire    . . .     SeeInvis .   h - +2 whip (pain)
rCold    . . .     Faith    .   c - +0 kite shield
rNeg     . . .     Spirit   .   t - +0 chain mail
rPois    .         Reflect  .   j - +2 hat
rElec    .         Harm     .   (no cloak)
rCorr    +         Rampage  .   p - +0 pair of gloves
Will     .....                  (no boots)
Stlth    ..........             (no amulet)
HPRegen  0.15/turn              k - ring of resist corrosion
MPRegen  0.09/turn              l - +6 ring of intelligence

@: no status effects
A: horns 2, retaliatory headbutt
a: no special abilities


You were on level 4 of the Dungeon.
You visited 1 branch of the dungeon, and saw 4 of its levels.

You collected 124 gold pieces.

Inventory:

Hand Weapons
 a - a +0 flail
 h - a +2 whip of pain (weapon)
Armour
 b - a +0 scale mail
 c - a +0 kite shield (worn)
 j - a +2 hat (worn)
 p - a +0 pair of gloves (worn)
 t - a +0 chain mail (worn)
Jewellery
 k - a ring of resist corrosion (left hand)
 l - a +6 ring of intelligence (right hand)
Wands
 n - a wand of iceblast (8)
 v - a wand of acid (5)
Scrolls
 e - a scroll of teleportation {unknown}
 g - a scroll of torment {unknown}
 m - 3 scrolls of identify {unknown}
 q - 2 scrolls of noise {unknown}
 r - a scroll of holy word {unknown}
 u - a scroll of enchant armour {unknown}
Potions
 d - 3 potions of might
 f - a potion of mutation {unknown}
 i - 2 potions of heal wounds {unknown}
 o - a potion of invisibility {unknown}
 s - a potion of brilliance {unknown}


   Skills:
 + Level 4.8 Fighting
 * Level 5.1 Maces & Flails
 + Level 4.7 Armour
 + Level 4.8 Shields


You had 4 spell levels left.
You didn't know any spells.
Your spell library contained the following spells:

 Spells                   Type           Power      Damage    Failure   Level
 Magic Dart               Conj           0%         1d3       100%        1
 Searing Ray              Conj           0%         3d3       100%        2
 Dazzling Flash           Conj/Hex       0%         N/A       100%        3
 Fulminant Prism          Conj/Hex       0%         3d6       100%        4
 Iskenderun's Mystic Bla  Conj/Tloc      0%         2d3       100%        4


Dungeon Overview and Level Annotations

Branches:
Dungeon (4/15)
 Temple: D:4-7

Altars:


Innate Abilities, Weirdness & Mutations

You have a pair of horns on your head.
You reflexively headbutt those who attack you in melee.


Message History

You whack Blork the orc!
Blork the orc is heavily wounded.
You block Blork the orc's attack. The jelly barely misses you.
The gnoll hits you with a +0 flail.
You hit Blork the orc. You headbutt Blork the orc.
Blork the orc is severely wounded.
Blork the orc closely misses you. You block the jelly's attack.
You block the gnoll's attack.
You hit Blork the orc.
Blork the orc is severely wounded.
Blork the orc hits you with a +2 vorpal war axe!
The jelly hits you but does no damage. You block the gnoll's attack.
Blork the orc hits you with a +2 vorpal war axe.
* * * LOW HITPOINT WARNING * * *
x2 You are too injured to fight recklessly!
You are too injured to fight recklessly!
You are too injured to fight recklessly!
You are too injured to fight recklessly!
You hit Blork the orc.
Blork the orc is severely wounded.
The jelly hits you but does no damage. The gnoll barely misses you.
You block Blork the orc's attack.
You hit Blork the orc.
Blork the orc is almost dead.
The jelly hits you but does no damage. The gnoll barely misses you.
Blork the orc hits you with a +2 vorpal war axe.
* * * LOW HITPOINT WARNING * * *
x2 You hit Blork the orc but do no damage.
Blork the orc is almost dead.
The jelly hits you but does no damage. You block the gnoll's attack.
Blork the orc hits you with a +2 vorpal war axe.
* * * LOW HITPOINT WARNING * * *
x2 You whack Blork the orc!
You kill Blork the orc!
The jelly hits you but does no damage. The gnoll hits you but does no damage.
Your Maces & Flails skill increases to level 5!
You hit the gnoll. You headbutt the gnoll!
The gnoll is severely wounded.
The jelly hits you but does no damage. The gnoll hits you with a +0 flail.
You die...

.####..........
..#............. ..
#.............. .. #..
#............. . ..
#............. # #.#
##..........!.. #
#.####.............. #
##..##.......g....... ##
#............@J......
.##..#...........)......
...# #..##..............
..## #.###..............
#.####.# ##.#...........
.......# #.............
.......# #.#...........
.......# .###..........
....##..#.#


You could see a jelly and a gnoll.

Vanquished Creatures
  Blork the orc (D:4)
  A scorpion (D:4)
  2 adders
  3 worms (D:2)
  A dart slug (D:2)
  10 orcs (D:3)
  8 ball pythons
  6 endoplasms
  5 giant cockroaches
  6 goblins
  3 hobgoblins
  10 jackals
  3 quokkas
  5 bats
  4 frilled lizards
  9 kobolds
  3 rats
80 creatures vanquished.

Notes
Turn   | Place    | Note
-------+----------+-------------------------------------------
     0 | D:1      | bilbop the Minotaur Fighter began the quest for the Orb.
     0 | D:1      | Reached XP level 1. HP: 19/19 MP: 0/0
   189 | D:1      | Reached XP level 2. HP: 25/27 MP: 1/1
   405 | D:1      | Reached skill level 3 in Maces & Flails
   991 | D:2      | Reached XP level 3. HP: 30/33 MP: 2/2
  1812 | D:2      | Found a faded altar of an unknown god.
  2281 | D:3      | Reached XP level 4. HP: 40/40 MP: 3/3
  2290 | D:3      | Reached skill level 4 in Maces & Flails
  3243 | D:4      | Noticed Blork the orc
  3249 | D:4      | Noticed a scorpion
  3263 | D:4      | Killed a scorpion
  3264 | D:4      | Reached XP level 5. HP: 26/47 MP: 4/4
  3558 | D:4      | Killed Blork the orc
  3559 | D:4      | Reached skill level 5 in Maces & Flails
  3559 | D:4      | Slain by a gnoll

Illustrated notes

Levels and vault maps discovered:
D:1:      sevenhm_arrival_forest_fort_small_3, layout_basic
D:2:      layout_loops_corners, basic_ecumenical_altar
D:3:      layout_basic, minmay_crystal_water
D:4:      layout_layer_cave, gammafunk_temple_overflow_pools, uniq_blork_the_orc

Skill      XL: |  1  2  3  4  5 |
---------------+----------------+-----
Maces & Flails | 3 4 5 |  5.1
Armour         | 4 |  4.7
Fighting       | 4 |  4.8
Shields        | 4 |  4.8

Action                   |  1- 3 |  4- 6 || total
-------------------------+-------+-------++-------
Melee: Flail             |    31 |       ||    31
       Headbutt          |    17 |    14 ||    31
       Whip              |    94 |   102 ||   196
Armor: Scale mail        |    47 |    16 ||    63
       Chain mail        |       |    31 ||    31
Dodge: Dodged            |    36 |    25 ||    61
Block: Kite shield       |    60 |    61 ||   121

Table legend: (Time is in decaauts)
 A = Elapsed time spent in this place.
 B = Non-inter-level travel time spent in this place.
 C = Inter-level travel time spent in this place.
 D = Time resting spent in this place.
 E = Time spent auto-exploring this place.
 F = Levels seen in this place.
 G = Mean time per level.
                   A        B        C        D        E       F      G
               +--------+--------+--------+--------+--------+-----+--------+
         Total |   3597 |   3440 |    157 |    212 |   2706 |   4 |  899.2 |
       Dungeon |   3597 |   3440 |    157 |    212 |   2706 |   4 |  899.2 |
               +--------+--------+--------+--------+--------+-----+--------+

Top non-repeatable levels by time:
     D:2: 1327 daAuts
     D:1: 971 daAuts
     D:3: 958 daAuts
     D:4: 339 daAuts
